 Dungeon Crawl Stone Soup version 0.22-a0-482-g76e0a5f (webtiles) character file.

124 nikopol the Skirmisher (level 5, 0/33 HPs)
             Began as a Gargoyle Berserker on June 17, 2018.
             Was a Believer of Trog.
             Slain by Edmund
             ... wielding a +1 dire flail of protection
              (3 damage)
             ... on level 4 of the Dungeon.
             The game lasted 00:07:09 (3225 turns).

nikopol the Skirmisher (Gargoyle Berserker)         Turns: 3225, Time: 00:07:10

Health: 0/33       AC:  6    Str: 21    XL:     5   Next: 8%
Magic:  5/5        EV: 12    Int:  8    God:    Trog [**....]
Gold:   158        SH:  0    Dex:  9    Spells: 4/4 levels left

rFire    . . .     SeeInvis .   p - +0 hand axe (curse)
rCold    . . .     Gourm    .   (no shield)
rNeg     + . .     Faith    .   b - +0 animal skin
rPois    ∞         Spirit   .   (no helmet)
rElec    +         Reflect  .   (no cloak)
rCorr    .         Harm     .   (no gloves)
MR       .....                  (no boots)
Stlth    ..........             (no amulet)
HPRegen  0.11/turn              e - ring of loudness (curse)
MPRegen  0.09/turn              (no ring)

@: berserk cooldown, slowed, very slow
A: negative energy resistance 1, electricity resistance, unbreathing,
petrification resistance, rot immunity, AC +4
a: Berserk, Trog's Hand, Renounce Religion


You were on level 4 of the Dungeon.
You worshipped Trog.
Trog was pleased with you.
You were hungry.

You visited 1 branch of the dungeon, and saw 4 of its levels.

You collected 158 gold pieces.

Inventory:

Hand Weapons
 a - a +0 hand axe
 p - a cursed +0 hand axe (weapon)
Missiles
 f - 46 bolts
 l - 23 arrows
Armour
 b - a +0 animal skin (worn)
Jewellery
 e - a cursed ring of loudness (left hand)
 r - a cursed ring of flight {unknown}
Scrolls
 g - a scroll of fog {unknown}
 h - 2 scrolls of identify {unknown}
 i - 3 scrolls of enchant armour {unknown}
 j - 4 scrolls of remove curse {unknown}
 k - a scroll of random uselessness {unknown}
 m - a scroll of teleportation {unknown}
 n - a scroll of noise {unknown}
 o - 2 scrolls of immolation {unknown}
Potions
 d - a potion of haste {unknown}
 q - a potion of ambrosia
Comestibles
 c - 8 rations
 s - 5 chunks of flesh


   Skills:
 + Level 4.2 Fighting
 + Level 3.8 Axes
 + Level 2.2 Armour
 + Level 2.5 Dodging
 + Level 0.2 Stealth


You had 4 spell levels left.
You didn't know any spells.
Your spell library was empty.

Dungeon Overview and Level Annotations

Branches:
Dungeon (4/15)
 Temple: D:4-7

Altars:
Vehumet

Annotations:
D:4 Edmund


Innate Abilities, Weirdness & Mutations

You are resistant to torment.
Your stone body is resilient. (AC +4)
You are immune to poison.
You resist negative energy. (rN+)
You are resistant to electric shocks. (rElec)
You can survive without breathing.
You are immune to petrification.
You are immune to rotting.


Message History

Edmund hits you with a dire flail of protection!
You closely miss Edmund.
Edmund is almost dead.
Edmund hits you but does no damage.
You barely miss Edmund.
Edmund is almost dead.
Edmund hits you but does no damage.
Edmund hits you with a dire flail of protection!
You barely miss Edmund.
Edmund is almost dead.
Edmund barely misses you.
You hit Edmund but do no damage.
Edmund is almost dead.
Edmund hits you with a dire flail of protection!
* * * LOW HITPOINT WARNING * * *
Edmund closely misses you.
You hit Edmund but do no damage.
Edmund is almost dead.
Edmund hits you with a dire flail of protection.
You die...

# #.#.... .#.. #.#.#.#
.#.. ####.#.#.#..#..
...#.#.#.#..##.##
...#.#.#.#..##..
...#.#.#.#..##..##
...#.#.#.#..##...#
.........#..##.#@##
(..#.#.###..##.#@.#
...#.#.#....##.##.##
...#.#.#.#.###.##..#
...#.#...#.....###.####.#
...#.#######.#.##.........
...#.## #.#..........##
....... ..#..........#
...#.## ####..........#
...#.# #.....)....#


You could see Edmund.

Vanquished Creatures
  A worker ant (D:4)
  2 adders (D:3)
  An adder skeleton (D:3)
  4 worms
  3 dart slugs
  A leopard gecko (D:3)
  An orc (D:3)
  A ball python (D:1)
  7 bats
  5 giant cockroaches
  5 goblins
  11 hobgoblins
  A quokka (D:3)
  2 frilled lizards
  6 kobolds
  6 rats
57 creatures vanquished.

Notes
Turn   | Place    | Note
-------+----------+-------------------------------------------
     0 | D:1      | nikopol the Gargoyle Berserker began the quest for the Orb.
     0 | D:1      | Reached XP level 1. HP: 14/14 MP: 1/1
    87 | D:1      | Reached XP level 2. HP: 3/19 MP: 2/2
   981 | D:2      | Reached XP level 3. HP: 11/24 MP: 3/3
  1523 | D:2      | Reached ** piety under Trog
  1523 | D:2      | Reached skill level 4 in Fighting
  1817 | D:3      | Reached XP level 4. HP: 26/29 MP: 4/4
  2975 | D:4      | Found a radiant altar of Vehumet.
  3020 | D:4      | Reached XP level 5. HP: 25/33 MP: 5/5
  3193 | D:4      | Noticed Edmund
  3225 | D:4      | Slain by Edmund

Vault maps used:
D:1:      dpeg_arrival_simpleton_b
D:2:      solitary_fountain
D:3:      first_ration
D:4:      lemuel_round_altar, temple_hall, uniq_pikel, uniq_edmund,
          uniq_natasha, uniq_eustachio

Skill      XL: |  1  2  3 |
---------------+----------+-----
Axes           | 3 |  3.8
Fighting       | 4 |  4.2
Dodging        | 2 |  2.5
Armour         | |  2.2
Stealth        | |  0.2

Action                   |  1- 3 |  4- 6 || total
-------------------------+-------+-------++-------
Melee: Hand axe          |   144 |   122 ||   266
Invok: Berserk           |     2 |     3 ||     5
  Use: Potion            |       |     1 ||     1
 Stab: Sleeping          |     1 |       ||     1
  Eat: Chunk             |     5 |     7 ||    12
Armor: Animal skin       |    62 |    22 ||    84
Dodge: Dodged            |   129 |    64 ||   193

Table legend:
 A = Spawn XP
 B = Non-spawn XP
 C = Spawn XP percentage of total XP
 D = Spawn monster count
 E = Non-spawn monster count
 F = Spawn count percentage of total count
 G = Total turns spent on level
                    A         B        C        D         E        F      G
               +---------+---------+-------+---------+---------+-------+---------
         Total |       0 |     178 |   0.0 |       0 |      57 |   0.0 |  3225
               +---------+---------+-------+---------+---------+-------+---------
           D:1 |       0 |      23 |   0.0 |       0 |      12 |   0.0 |   926
           D:2 |       0 |      41 |   0.0 |       0 |      21 |   0.0 |   784
           D:3 |       0 |      71 |   0.0 |       0 |      21 |   0.0 |  1225
           D:4 |       0 |      43 |   0.0 |       0 |       3 |   0.0 |   290
               +---------+---------+-------+---------+---------+-------+---------
